 Dungeon Crawl Stone Soup version 0.29-a0-340-g6efceafd81 (webtiles) character file.

Game seed: 5714715311287308876

620639 iguanaiguana the Slayer (level 27, -11/343 HPs)
             Began as a Formicid Fighter on Apr 14, 2022.
             Was an Initiate of Gozag.
             Mangled by a rockslime (19 damage)
             ... created by the Royal Jelly
             ... on level 5 of the Pits of Slime on Apr 20, 2022.
             The game lasted 06:26:18 (103167 turns).

iguanaiguana the Slayer (Formicid Fighter)        Turns: 103167, Time: 06:26:18

Health: -11/343    AC: 28    Str: 37    XL:     27
Magic:  6/32       EV:  2    Int: 11    God:    Gozag
Gold:   9090       SH: 15    Dex:  8    Spells: 21/38 levels left

rFire   + + +      SeeInvis .   h - +18 lance "Wyrmbane" {slay drac, rPois rF+ rC+ AC+3}
rCold   + + +      Faith    .   S - +2 shield of Resistance {rF++ rC++ Will++}
rNeg    . . .      Spirit   .   (body armour currently unavailable)
rPois   +          Reflect  .   (helmet unavailable)
rElec   +          Harm     .   (cloak currently unavailable)
rCorr   +          Rampage  .   (gloves currently unavailable)
Will    ++++.                   (boots currently unavailable)
Stlth   +++.......              Z - amulet of the Air {Inacc Air Fly rElec RMsl}
HPRegen 0.67/turn               y - ring of resist corrosion
MPRegen 0.23/turn               U - ring "Zuokimet" {Str+2 Int+3 Slay+4}

@: tree-form, resistant, engulfed, wereblooded, corroded, studying Ice Magic,
repel missiles
A: stationary, stasis, torment immunity, boosted hp, permanent stasis, dig
shafts and tunnels, (antennae 3), four strong arms, (beak), clumsy 1, wild magic
1
}: 3/15 runes: barnacled, silver, gossamer
a: Renounce Religion, Potion Petition, Call Merchant, Bribe Branch


You were on level 5 of the Pits of Slime.
You worshipped Gozag.
Gozag was greatly pleased with you.
You were a tree.
You visited 11 branches of the dungeon, and saw 53 of its levels.
You visited 1 bazaar.
You also visited: Ossuary, Gauntlet, Ice Cave, Wizlab and Desolation.

You collected 29664 gold pieces.
You spent 5884 gold pieces at shops.
You paid 14690 gold pieces to Gozag.

Inventory:

Hand Weapons
 h - the +18 lance "Wyrmbane" (weapon) {slay drac, rPois rF+ rC+ AC+3}
   (You found it in the Desolation of Salt)

   It inflicts extra damage against dragons and draconians.
   AC:        It affects your AC (+3).
   rF:        It protects you from fire.
   rC:        It protects you from cold.
   rPois:     It protects you from poison.
Missiles
 e - 22 javelins
 M - 27 boomerangs (quivered)
 R - 6 throwing nets
 Y - 7 silver javelins
Armour
 g - the +4 dragonskin cloak (melded)
   (You took it off Tiamat on level 1 of the Realm of Zot)

   It grants the wearer a chance to resist fire, cold, poison, electricity,
   acid, and negative energy.
 o - +10 pearl dragon scales (melded)
 F - the +2 pair of boots of Responsibility (melded) {rN+}
   (You found it on level 1 of the Vaults)

   rN:        It protects you from negative energy.
 J - the +2 pair of gloves "Huntoi" (melded) {Drain rN+ Will+++ Str+3}
   (You found it on level 1 of the Vaults)

   Str:       It affects your strength (+3).
   rN:        It protects you from negative energy.
   Drain:     It drains your maximum health when unequipped.
   Will:      It greatly increases your willpower.
 S - the +2 shield of Resistance (worn) {rF++ rC++ Will++}
   (You bought it in a shop on level 1 of the Dungeon)

   rF:        It greatly protects you from fire.
   rC:        It greatly protects you from cold.
   Will:      It greatly increases your willpower.
Jewellery
 y - a ring of resist corrosion (left branch)
 G - the ring of Donulet {Wiz Str+3}
   (You took it off a deep elf zephyrmancer on level 2 of the Elven Halls)

   [ring of wizardry]

   It improves your spell success rate.
   Str:       It affects your strength (+3).
 H - the ring of Yhene {rPois rC+ Slay+2 Stlth+}
   (You found it in the Desolation of Salt)

   [ring of poison resistance]

   Slay:      It affects your accuracy & damage with ranged weapons and melee
   (+2).
   rC:        It protects you from cold.
   rPois:     It protects you from poison.
   Stlth:     It makes you more stealthy.
 U - the ring "Zuokimet" (right branch) {Str+2 Int+3 Slay+4}
   (You found it in the Desolation of Salt)

   [ring of slaying]

   Str:       It affects your strength (+2).
   Int:       It affects your intelligence (+3).
   Slay:      It affects your accuracy & damage with ranged weapons and melee
   (+4).
 Z - the amulet of the Air (around neck) {Inacc Air Fly rElec RMsl}
   (You found it on level 5 of the Lair of Beasts)

   [amulet of nothing]

   It reduces the accuracy of all your attacks.
   It enhances your air magic.
   rElec:     It insulates you from electricity.
   Fly:       It grants you flight.
   RMsl:      It protects you from missiles.
Wands
 d - a wand of iceblast (12) {@v2}
 t - a wand of charming (10)
 L - a wand of flame (68)
 N - a wand of paralysis (12)
 Q - a wand of digging (28) {@v3}
 T - a wand of acid (13) {@v1}
Scrolls
 a - 2 scrolls of enchant weapon
 b - 2 scrolls of enchant armour
 i - 7 scrolls of fear
 j - a scroll of silence
 l - 9 scrolls of magic mapping {@r5}
 m - 9 scrolls of fog
 w - 10 scrolls of vulnerability
 C - 2 scrolls of torment
 D - 8 scrolls of immolation
Potions
 f - 11 potions of brilliance
 k - 8 potions of curing {@q1}
 n - 3 potions of heal wounds {@q2}
 p - 7 potions of ambrosia
 s - 6 potions of cancellation
 u - 4 potions of magic
 z - 9 potions of lignification
 B - 4 potions of might {@q3}
 E - 10 potions of mutation
 O - 4 potions of resistance {@q5}
Miscellaneous
 c - a phial of floods
 r - a condenser vane
 x - a lightning rod (4/4)
 I - a tin of tremorstones (2/2)
 V - a phantom mirror
 W - a box of beasts


   Skills:
 + Level 21.6 Fighting
 - Level 11.6(15.1) Maces & Flails
 - Level 17.7(20.0) Polearms
 - Level 15.4(20.0) Staves
 - Level 16.0 Throwing
 - Level 18.1 Armour
 - Level 8.0 Dodging
 - Level 8.0 Stealth
 - Level 18.7 Shields
 - Level 6.0 Spellcasting
 - Level 15.0 Transmutations
 - Level 1.4 Air Magic
 - Level 14.0 Poison Magic
 - Level 20.0 Evocations


You had 21 spell levels left.
You knew the following spells:

 Your Spells              Type           Power      Damage    Failure   Level
a - Olgreb's Toxic Radia  Pois           44%        N/A       1%          4
b - Wereblood             Tmut           47%        N/A       1%          2
c - Alistair's Intoxicat  Tmut/Pois      30%        N/A       3%          5
d - Eringya's Noxious Bo  Tmut/Pois      22%        N/A       14%         6

Your spell library contained the following spells:

 Spells                   Type           Power      Damage    Failure   Level
 Beastly Appendage        Tmut           94%        N/A       1%          1
 Sting                    Tmut/Pois      100%       1d8       1%          1
 Spider Form              Tmut/Pois      45%        N/A       1%          3
 Passwall                 Tmut/Erth      20%        N/A       3%          2
 Poisonous Vapours        Pois/Air       78%        N/A       3%          2
 Ignite Poison            Fire/Tmut/Pois 31%        N/A       3%          3
 Blade Hands              Tmut           23%        N/A       3%          5
 Ice Form                 Ice/Tmut       25%        N/A       17%         4
 Shock                    Conj/Air       36%        1d5       26%         1
 Freeze                   Ice            16%        1d4       34%         1
 Pain                     Necr           16%        1d4       34%         1
 Summon Small Mammal      Summ           16%        N/A       34%         1
 Static Discharge         Conj/Air       9%         N/A       36%         2
 Irradiate                Conj/Tmut      12%        3d17      41%         5
 Yara's Violent Unravell  Hex/Tmut       12%        3d7       41%         5
 Scorch                   Fire           8%         2d5       45%         2
 Sublimation of Blood     Necr           4%         N/A       45%         2
 Dragon Form              Tmut           23%        N/A       50%         7
 Conjure Flame            Conj/Fire      4%         6-21      67%         3
 Dazzling Flash           Conj/Hex       8%         N/A       67%         3
 Frozen Ramparts          Ice            8%         1d2       67%         3
 Gell's Gravitas          Tloc           4%         N/A       67%         3
 Lesser Beckoning         Tloc           4%         N/A       67%         3
 Portal Projectile        Hex/Tloc       8%         N/A       67%         3
 Stone Arrow              Conj/Erth      8%         3d7       67%         3
 Teleport Other           Tloc           4%         N/A       67%         3
 Tukima's Dance           Hex            4%         N/A       67%         3
 Airstrike                Air            6%         N/A       87%         4
 Statue Form              Tmut/Erth      16%        N/A       91%         6
 Anguish                  Hex/Necr       2%         N/A       96%         4
 Animate Armour           Summ/Erth      8%         N/A       96%         4
 Dispel Undead            Necr           4%         3d7       96%         4
 Flame Wave               Conj/Fire      4%         2d5       96%         4
 Fulminant Prism          Conj/Hex       2%         3d6       96%         4
 Hailstorm                Conj/Ice       4%         3d4       96%         4
 Iskenderun's Mystic Bla  Conj/Tloc      4%         2d3       96%         4
 Leda's Liquefaction      Hex/Erth       2%         N/A       96%         4
 Passage of Golubria      Tloc           4%         N/A       96%         4
 Sticky Flame             Conj/Fire      4%         2d3       96%         4
 Summon Ice Beast         Ice/Summ       4%         N/A       96%         4
 Lightning Bolt           Conj/Air       4%         1d16      99%         5
 Silence                  Hex/Air        4%         N/A       99%         5
 Agony                    Necr           4%         N/A       100%        5
 Borgnjor's Vile Clutch   Necr/Erth      2%         N/A       100%        5
 Excruciating Wounds      Necr           2%         N/A       100%        5
 Fireball                 Conj/Fire      2%         3d4       100%        5
 Freezing Cloud           Conj/Ice/Air   4%         6-21      100%        5
 Lee's Rapid Deconstruct  Erth           2%         3d5*      100%        5
 Manifold Assault         Tloc           4%         N/A       100%        5
 Metabolic Englaciation   Hex/Ice        2%         N/A       100%        5
 Summon Forest            Summ/Tloc      2%         N/A       100%        5
 Summon Mana Viper        Hex/Summ       4%         N/A       100%        5
 Death Channel            Necr           2%         N/A       100%        6
 Dispersal                Tloc           2%         N/A       100%        6
 Iron Shot                Conj/Erth      2%         9d2       100%        6
 Simulacrum               Ice/Necr       2%         N/A       100%        6
 Starburst                Conj/Fire      2%         6d3       100%        6
 Summon Cactus Giant      Summ           2%         N/A       100%        6
 Enfeeble                 Hex            2%         N/A       100%        7
 Haunt                    Necr/Summ      2%         N/A       100%        7
 Malign Gateway           Summ/Tloc      2%         N/A       100%        7
 Ozocubu's Refrigeration  Ice            2%         4d5       100%        7
 Spellforged Servitor     Conj/Summ      2%         N/A       100%        7
 Storm Form               Tmut/Air       20%        N/A       100%        7
 Summon Hydra             Summ           2%         N/A       100%        7
 Ignition                 Fire           2%         3d3       100%        8
 Infestation              Necr           2%         N/A       100%        8
 Lehudib's Crystal Spear  Conj/Erth      2%         10d2      100%        8
 Maxwell's Capacitive Co  Air            6%         ∞         100%        8
 Summon Horrible Things   Summ           2%         N/A       100%        8
 Chain Lightning          Conj/Air       4%         3d6       100%        9
 Fire Storm               Conj/Fire      2%         8d1       100%        9
 Polar Vortex             Ice            2%         N/A       100%        9
 Shatter                  Erth           2%         3d6*      100%        9
 Blink                    Tloc           Unusable   N/A       N/A         2
 Swiftness                Air            Unusable   N/A       N/A         3

Dungeon Overview and Level Annotations

Branches:
Dungeon (15/15)            Temple (0/1) D:4            Lair (6/6) D:9
 Shoals (4/4) Lair:4       Spider (4/4) Lair:2        Slime (5/5) Lair:5
    Orc (2/2) D:10            Elf (3/3) Orc:2        Vaults (5/5) D:13
  Crypt (3/3) Vaults:2       Tomb (0/3) Crypt:3      Depths (4/4) D:15
    Zot (2/5) Depths:4    Ossuary (visited)           IceCv (visited)
 WizLab (visited)         Desolation (visited)      Gauntlet (visited)

Altars:
Ashenzari
Elyvilon
Fedhas
Gozag
Kikubaaqudgha
Makhleb
Nemelex Xobeh
Trog
Wu Jian
Yredelemnul
Zin
Beogh
Jiyva

Shops:
D:1 [?   D:5 (   D:10 *   D:13 =   D:15 (   Orc:2 [(*:   Elf:1 (   Elf:2 [*=(
Elf:3 *   Vaults:4 !

Portals:
Hell: Depths:1 Depths:2 Depths:3 Depths:4
Abyss: Depths:3 Depths:4
Pandemonium: Depths:2 Depths:3
Ziggurat: Depths:4

Annotations:
Shoals:2 Ilsuiw
Elf:1 Roxanne
Vaults:1 Nekhlo's ghost, adept MyWr; Wueresid's ghost, adept DEWz
Vaults:5 Budghuxen's ghost, veteran HOFi
Depths:2 2 transporters
Depths:3 1 runed door, exclusion: door


Innate Abilities, Weirdness & Mutations

You are a tree.
Your roots penetrate the ground, keeping you stationary.
You cannot be teleported.
You are immune to unholy pain and torment.
Your maximum health is greatly increased.
Your equipment is partially melded.
You cannot be hasted, slowed, berserked, paralysed or teleported.
You can dig through walls and to a lower floor.
((You have a pair of large antennae on your head. (SInv)))
Your four strong arms can wield two-handed weapons with a shield.
((You have a beak for a mouth.))
You are clumsy. (Dex -2)
Your spells are a little harder to cast, but a little more powerful.


Message History

* * * LOW HITPOINT WARNING * * *
You are splashed with acid.
You resist.
* * * LOW HITPOINT WARNING * * *
The rockslime hits you!
* * * LOW HITPOINT WARNING * * *
Your slime creature hits the quicksilver ooze.
Your slime creature hits the azure jelly.
Your slime creature hits the quicksilver ooze!
The quicksilver ooze dies!
Two slime creatures merge to form a large slime creature.
You feel much better.
Your quicksilver ooze closely misses the quicksilver ooze.
Your quicksilver ooze hits the quicksilver ooze.
The quicksilver ooze barely misses your golden eye. x2
The quicksilver ooze hits you. The quicksilver ooze engulfs you!
You block the quicksilver ooze's attack.
The rockslime hits you!
* * * LOW HITPOINT WARNING * * *
The rockslime hits you.
* * * LOW HITPOINT WARNING * * *
The azure jelly hits you but does no damage.
The azure jelly barely misses you.
The azure jelly hits you but does no damage. x2
Your golden eye blinks at the azure jelly.
The azure jelly appears confused.
Your golden eye blinks!
Your golden eye blinks at the azure jelly.
The azure jelly appears confused.
Your golden eye blinks!
The rockslime hits you!
* * * LOW HITPOINT WARNING * * *
The acid blob hits you!!
* * * LOW HITPOINT WARNING * * *
You are splashed with acid.
You resist.
* * * LOW HITPOINT WARNING * * *
Your quicksilver ooze misses the quicksilver ooze.
Your quicksilver ooze hits the quicksilver ooze.
The rockslime hits you!!
You die...
Your body crumbles into a pile of gold.

#.................. $
##................. $
##.G$...$$.........
##..(....$.$........ $
#.........$...J......
#.......$$..JJ.J.....
...........GJ.JJ.J...#
............JJJJ.....#
.........§JJ♣JJJ.....
.........GJJJJJ###...
..........G§J### #.
........G.###
........## .......
...... ....


You could see an acid blob, 4 azure jellies, 4 rockslimes, 4 quicksilver oozes,
a friendly large slime creature (summoned), 8 friendly slime creatures, a
friendly quicksilver ooze (summoned) and 5 friendly golden eyes.

Vanquished Creatures
  the Royal Jelly (Slime:5)
  2 dread liches
  Tiamat (Zot:1)
  An ancient lich (WizLab)
  Mara (Vaults:2)
  4 juggernauts
  Sojobo (Vaults:2)
  Margery (Vaults:3)
  Bai Suzhen (Depths:2)
  The ghost of Hali the Executioner, a veteran FoFi of Dithmenos (Crypt:2)
  Saint Roka (Vaults:1)
  A caustic shrike (Depths:4)
  The ghost of Galytir the Slayer, an adept HOFi of Beogh (Vaults:2)
  4 golden dragons
  Arachne (Spider:2)
  A bone dragon (Crypt:3)
  An electric golem (Zot:1)
  A hellephant (Vaults:4)
  10 tentacled monstrosities
  2 walking crystal tomes (Depths:4)
  3 titans
  2 quicksilver dragons
  Asterion (Vaults:2)
  4 liches
  11 acid blobs
  A walking earthen tome (Depths:4)
  3 krakens
  5 deep elf blademasters
  The ghost of Itsuak the Acrobat, an adept SpBe of Trog (Vaults:2)
  Frances (Spider:1)
  3 sphinxes
  5 death cobs
  An ancient champion (WizLab)
  7 storm dragons
  6 tengu reavers
  7 shadow dragons
  2 revenants
  4 azure jellies (Slime:5)
  6 draconian monks
  2 emperor scorpions (Spider:4)
  4 rockslimes
  2 imperial myrmidons (Desolation)
  9 deep elf sorcerers
  8 frost giants
  The ghost of spaghetti the Fighter, a journeyman DsFE of Ashenzari (Spider:3)
  6 iron dragons
  3 fire giants
  Louise (D:14)
  9 ghost moths
  Aizul (Elf:3)
  15 vault wardens
  2 curse skulls
  A draconian scorcher (Depths:4)
  A caustic shrike zombie (Crypt:3)
  2 draconian shifters
  A draconian annihilator (Zot:2)
  A draconian stormcaller (Zot:1)
  2 quicksilver oozes
  10 ironbound preservers
  4 deep elf elementalists
  9 stone giants
  9 ironbound thunderhulks
  A caustic shrike skeleton (Crypt:3)
  3 broodmothers
  13 very ugly things
  A spriggan defender (Depths:4)
  7 war gargoyles
  11 vampire knights
  4 green draconians
  6 deep elf demonologists
  3 halazid warlocks (Desolation)
  Azrael (D:13)
  4 black draconians
  6 red draconians
  2 yellow draconians (Zot:1)
  7 dire elephants
  2 entropy weavers
  A minotaur (Gauntlet)
  7 spark wasps
  19 deep elf annihilators
  2 purple draconians (Zot:2)
  Snorg (D:10)
  9 white draconians
  9 deep elf death magi
  6 fire dragons
  10 ettins
  A blizzard demon (Depths:3)
  2 eidola (Crypt:2)
  13 merfolk impalers
  5 merfolk javelineers
  4 crystal guardians
  5 deep elf high priests
  15 great orbs of eyes
  9 jiangshi
  6 ragged hierophants (Desolation)
  A rakshasa (Depths:1)
  33 vault guards
  16 ice dragons
  6 servants of whispers (Desolation)
  4 spriggan air magi (Depths:1)
  Erolcha (Orc:1)
  10 yaktaur captains
  12 peacekeepers
  12 boulder beetles
  5 ogre magi
  10 hydras
  Fannar (Lair:2)
  3 hell beasts
  3 jorogumos
  9 two-headed ogres
  An anaconda (Lair:6)
  2 death knights (Crypt:2)
  2 radroaches
  A spriggan skeleton (Crypt:1)
  10 centaur warriors
  A spriggan zombie (Crypt:1)
  3 merfolk avatars
  Erica (Lair:2)
  14 ironbound frosthearts
  A dancing weapon (Elf:1)
  2 satyrs (Shoals:4)
  3 merfolk aquamancers (Shoals:4)
  6 deep troll earth magi (Depths:1)
  9 tengu warriors
  12 death yaks
  2 deep troll shamans
  8 spriggan berserkers
  2 titan zombies (Crypt:3)
  Urug (Orc:1)
  45 hell knights
  5 soul eaters
  Nergalle (D:11)
  Amaemon (Lair:3)
  22 deep elf knights
  3 iron trolls
  2 fire crabs (Shoals:1)
  Sonja (Orc:1)
  25 skeletal warriors
  4 sun moths
  9 sun demons
  3 shadow wraiths
  2 pharaoh ants (Spider:3)
  Lodul (D:12)
  9 sea snakes
  7 steelbarb worms
  An iron giant zombie (Crypt:3)
  3 flayed ghosts
  5 orb spiders
  An orange crystal statue (IceCv)
  An anaconda zombie (Crypt:3)
  3 glowing orange brains
  6 wizards
  26 deep trolls
  A shadow dragon zombie (D:15)
  15 deep elf archers
  10 phantasmal warriors
  23 necromancers
  18 lindwurms
  37 deep elf pyromancers
  23 deep elf zephyrmancers
  5 orc knights
  36 ugly things
  A golden dragon skeleton (Crypt:1)
  A wolf spider (shapeshifter) (Vaults:5)
  27 harpies
  16 manticores
  A frost giant zombie (D:15)
  22 ironbound convokers
  An orc sorcerer (Vaults:1)
  17 cyclopes
  11 fauns
  A sphinx skeleton (Crypt:1)
  A moth of wrath (shapeshifter) (Depths:1)
  An oklob plant (Lair:3)
  18 wolf spiders
  3 shining eyes
  A stone giant zombie (Crypt:3)
  9 black mambas
  15 moths of wrath
  9 merfolk sirens
  13 vault sentinels
  Maurice (D:8)
  2 guardian serpents (Desolation)
  11 water nymphs
  A stone giant skeleton (D:15)
  A black mamba (shapeshifter) (Elf:1)
  An orange demon (Lair:3)
  2 eyes of devastation
  3 molten gargoyles (Lair:6)
  A naga zombie (Crypt:1)
  4 torpor snails
  12 cane toads
  2 ice statues (D:15)
  An alligator snapping turtle zombie (Crypt:2)
  2 dire elephant skeletons (Crypt:3)
  11 rime drakes
  A shock serpent skeleton (Crypt:2)
  3 unseen horrors
  2 gargoyles
  A centaur skeleton (Crypt:3)
  An efreet (D:14)
  7 demonic crawlers
  3 naga skeletons
  40 yaktaurs
  6 freezing wraiths
  6 tengu conjurers
  An alligator snapping turtle skeleton (Crypt:1)
  3 harpy zombies
  A hellwing (Depths:3)
  A red devil (Depths:3)
  A black draconian skeleton (Crypt:1)
  12 komodo dragons
  10 polar bears
  7 trolls
  A tyrant leech (Gauntlet)
  35 merfolk
  A polar bear (shapeshifter) (Elf:3)
  A wolf spider simulacrum (D:15)
  14 hornets
  7 wind drakes
  A tarantella (shapeshifter) (Depths:2)
  10 blink frogs
  50 saltlings (Desolation)
  An ice dragon zombie (Crypt:1)
  13 dream sheep
  8 snapping turtles
  31 tarantellas
  80 slime creatures
  37 flying skulls
  A radroach zombie (Crypt:2)
  16 jumping spiders
  2 shadows
  5 wraiths
  An air elemental (Elf:1)
  8 culicivoras
  A fire dragon skeleton (Crypt:1)
  4 vampires (WizLab)
  2 naga simulacra (Crypt:1)
  8 spriggans
  A black mamba zombie (Crypt:1)
  A centaur simulacrum (D:15)
  9 fire elementals
  12 water elementals
  8 wyverns
  51 yaks
  A black mamba skeleton (Crypt:1)
  4 fire bats
  A golden eye (Slime:5)
  7 basilisks
  45 redbacks
  A neqoxec (Depths:3)
  2 vampire mosquitoes (D:15)
  5 steam dragons
  2 swamp worms (Gauntlet)
  7 two-headed ogre zombies (WizLab)
  4 acid dragons
  8 wargs
  10 water moccasins
  A floating eye (Depths:1)
  10 hell hounds
  5 ice beasts
  25 orc warriors
  2 sky beasts (D:6)
  7 black bears
  35 wolves
  7 ogres
  A swamp dragon skeleton (Crypt:1)
  32 centaurs
  A phantom (D:5)
  A komodo dragon zombie (Crypt:1)
  3 kobold brigands
  Blork the orc (D:6)
  A gnoll sergeant (D:11)
  2 earth elementals
  2 necrophages (Crypt:3)
  3 scorpions
  15 bullfrogs
  A water moccasin zombie (Crypt:1)
  14 wights
  8 troll zombies (WizLab)
  A warg skeleton (Crypt:2)
  7 killer bees
  9 howler monkeys
  5 electric eels
  2 centaur zombies (Ossuary)
  5 lava snakes
  A basilisk zombie (Crypt:2)
  3 iron imps (D:9)
  4 jellies
  3 hounds (D:4)
  2 gnoll shamans
  2 human zombies (Ossuary)
  11 orc priests
  Jessica (D:2)
  Ijyb (D:4)
  Terence (D:2)
  A basilisk skeleton (Crypt:2)
  20 orc wizards
  4 iguanas
  3 ogre zombies (WizLab)
  5 mummies (Ossuary)
  4 gnolls (D:9)
  5 adders
  2 howler monkey skeletons
  A shadow imp (D:8)
  5 white imps
  A worm (D:3)
  4 dart slugs
  77 orcs
  8 ball pythons
  14 bats
  2 bat skeletons
  9 endoplasms
  7 giant cockroaches
  5 goblins
  10 hobgoblins
  6 jackals
  22 kobolds
  6 quokkas
  6 frilled lizards
  A frilled lizard zombie (Crypt:2)
  A goblin skeleton (Crypt:1)
  2 goblin zombies
  A hobgoblin zombie (Ossuary)
  A kobold skeleton (Crypt:1)
  3 kobold zombies
  A rat (D:1)
  A river rat skeleton (Crypt:2)
  A butterfly (Lair:6)
  6 tentacles (Shoals:3)
2295 creatures vanquished.

Vanquished Creatures (collateral kills)
  An ancient lich (Vaults:5)
  The ghost of Bailed the Peltast, a veteran MiMo of Qazlal (Vaults:1)
  Zenata (Elf:1)
  A hellephant (Vaults:4)
  Jorgrun (Orc:2)
  A titan (Vaults:5)
  A tentacled monstrosity (Vaults:5)
  A quicksilver dragon (Vaults:5)
  A shadow dragon (Vaults:5)
  3 tengu reavers
  2 fire giants (Vaults:5)
  A deep elf sorcerer (Vaults:5)
  4 vault wardens (Vaults:5)
  2 very ugly things
  5 stone giants (Vaults:5)
  3 ironbound preservers (Vaults:5)
  A quicksilver ooze (Slime:5)
  A deep elf annihilator (Vaults:5)
  2 ettins (Vaults:5)
  A yaktaur captain (Vaults:3)
  8 vault guards
  An ironbound frostheart (IceCv)
  A deep troll earth mage (Depths:4)
  7 hell knights
  A flayed ghost (Vaults:5)
  8 deep trolls
  An ironbound convoker (Vaults:5)
  A phantasmal warrior (Vaults:5)
  An orc knight (Vaults:5)
  A frost giant zombie (D:15)
  An ugly thing (Vaults:5)
  3 vault sentinels (Vaults:5)
  2 yaktaurs
  A troll (Vaults:5)
  A meliai (shapeshifter) (Vaults:5)
  2 slime creatures (Vaults:3)
  A redback (shapeshifter) (Vaults:4)
  An orc warrior (Orc:2)
  An orc (Vaults:5)
77 creatures vanquished.

Vanquished Creatures (others)
  A golden dragon (Vaults:5)
  A sphinx (Vaults:5)
  The ghost of AlmostDecent the Tortoise, an adept VSBe of Trog (Vaults:1)
  A stone giant (Vaults:5)
  An ironbound thunderhulk (Vaults:2)
  An ettin (Orc:2)
  A deep elf high priest (Vaults:2)
  3 yaktaur captains
  2 vault guards (Vaults:5)
  2 ogre magi (Vaults:5)
  5 two-headed ogres (Vaults:5)
  34 dancing weapons
  A deep elf knight (Elf:1)
  2 hell knights (Vaults:4)
  2 ironbound convokers
  2 flayed ghosts (Vaults:5)
  2 ugly things (D:15)
  A vault sentinel (Vaults:4)
  A yaktaur (Vaults:3)
  A dream sheep (Shoals:1)
  A water elemental (Elf:3)
  A yak (Lair:5)
  A hell hound (Lair:6)
  An ogre (Vaults:5)
  A centaur (D:14)
  A lava snake (Lair:6)
  An orc (D:6)
  A quokka (Depths:1)
  33 fungi
  65 plants
  31 tentacles
  5 withered plants (D:15)
207 creatures vanquished.

Grand Total: 2579 creatures vanquished

Notes
Turn   | Place    | Note
-------+----------+-------------------------------------------
     0 | D:1      | iguanaiguana the Formicid Fighter began the quest for the
                  | Orb.
     0 | D:1      | Reached XP level 1. HP: 18/18 MP: 1/1
   127 | D:1      | Reached XP level 2. HP: 23/24 MP: 2/2
   211 | D:1      | Found Udghau's Magic Scroll Shoppe.
   343 | D:1      | Bought a scroll of identify for 28 gold pieces
   365 | D:1      | Found a faded altar of an unknown god.
   399 | D:1      | Reached XP level 3. HP: 25/29 MP: 3/3
   880 | D:1      | Found Jaweggug's Armour Emporium.
  1226 | D:2      | Found a sparkling altar of Nemelex Xobeh.
  1278 | D:2      | Noticed Terence
  1539 | D:2      | Noticed Jessica
  1546 | D:2      | Killed Jessica
  1547 | D:2      | Reached XP level 4. HP: 35/35 MP: 4/4
  1651 | D:2      | Identified the +2 mace "Deum" {pain, rCorr MP+9 Str-5
                  | Int+4}
  1815 | D:3      | Identified the +6 hunting sling of the Equator {freeze,
                  | rPois MP+9}
  1929 | D:3      | Got the Incunabulum of Feathers
  1985 | D:3      | Reached XP level 5. HP: 41/41 MP: 5/5
  2126 | D:3      | Found an opulent altar of Gozag.
  2131 | D:3      | Became a worshipper of Gozag Ym Sagoz the Greedy
  2146 | D:3      | Found a basalt altar of Yredelemnul.
  2608 | D:4      | Found a staircase to the Ecumenical Temple.
  2626 | D:4      | Reached skill level 5 in Staves
  3028 | D:4      | Reached XP level 6. HP: 47/47 MP: 6/6
  3205 | D:4      | Found an ancient bone altar of Kikubaaqudgha.
  3205 | D:4      | Noticed Ijyb
  3216 | D:4      | Killed Ijyb
  3641 | D:5      | Entered Level 5 of the Dungeon
  3643 | D:5      | Noticed an ogre
  3760 | D:5      | Killed an ogre
  3761 | D:5      | Reached XP level 7. HP: 53/53 MP: 7/7
  3785 | D:5      | Reached skill level 4 in Fighting
  3785 | D:5      | Reached skill level 5 in Shields
  3878 | D:5      | Found a sand-covered staircase.
  3899 | Ossuary  | Entered an ossuary
  4358 | Ossuary  | Reached skill level 5 in Armour
  4405 | Ossuary  | Reached XP level 8. HP: 54/60 MP: 8/8
  4595 | D:5      | Found Rayc's Hydra Hut.
  4621 | D:5      | Noticed an eight-headed hydra
  4624 | D:5      | Bought a +0 lajatang of flaming for 319 gold pieces
  5272 | D:6      | Noticed Blork the orc
  5281 | D:6      | Killed Blork the orc
  5335 | D:6      | Reached skill level 5 in Fighting
  5680 | D:6      | Reached XP level 9. HP: 56/68 MP: 9/9
  5739 | D:6      | Found a glowing silver altar of Zin.
  6803 | D:6      | Reached skill level 6 in Fighting
  6904 | D:7      | Identified the +3 ring mail of Sexarphi {rElec rPois rC-
                  | Str+2}
  7415 | D:7      | Reached XP level 10. HP: 75/76 MP: 10/10
  8190 | D:1      | Bought the +2 shield of Resistance {rF++ rC++ Will++} for
                  | 713 gold pieces
  8190 | D:1      | Found the +2 shield of Resistance {rF++ rC++ Will++}
  8336 | D:8      | Noticed Maurice
  8356 | D:8      | Killed Maurice
  8529 | D:8      | Found a bloodstained altar of Trog.
  8712 | D:8      | Reached skill level 10 in Staves
  9384 | D:9      | Identified the +1 chain mail of Kiun {rElec rF+ Regen+}
  9805 | D:1      | Bought a +2 pair of boots of stealth for 236 gold pieces
 10088 | D:10     | Entered Level 10 of the Dungeon
 10429 | D:9      | Reached skill level 10 in Shields
 10489 | D:9      | Reached XP level 11. HP: 75/81 MP: 11/11
 10615 | D:9      | Found a sparkling altar of Nemelex Xobeh.
 10708 | D:9      | Found a staircase to the Lair.
 10750 | D:9      | Found a burning altar of Makhleb.
 10960 | D:10     | Noticed Snorg
 10961 | D:10     | Found a staircase to the Orcish Mines.
 11005 | Lair:1   | Entered Level 1 of the Lair of Beasts
 11913 | Lair:2   | Noticed Erica
 11929 | Lair:2   | Reached XP level 12. HP: 56/88 MP: 12/12
 12008 | Lair:2   | Killed Erica
 12318 | Lair:2   | Noticed Fannar
 12330 | Lair:2   | Killed Fannar
 12416 | Lair:2   | Found a hole to the Spider Nest.
 12732 | Lair:3   | Reached skill level 15 in Staves
 12781 | Lair:3   | Noticed a five-headed hydra
 12786 | Lair:3   | Noticed Amaemon
 13455 | D:1      | Bought +1 pearl dragon scales for 1153 gold pieces
 13586 | D:2      | Killed Terence
 13911 | Lair:3   | Killed a one-headed hydra
 13912 | Lair:3   | Reached XP level 13. HP: 76/93 MP: 13/13
 14330 | Lair:3   | Killed Amaemon
 14331 | Lair:3   | Reached skill level 7 in Fighting
 14783 | Lair:3   | Reached skill level 1 in Evocations
 14794 | Lair:3   | Reached skill level 1 in Throwing
 14810 | Lair:3   | Found a runed translucent door.
 14914 | Lair:3   | Found a runed translucent gate.
 14914 | Lair:3   | Found a runed translucent gate.
 14914 | Lair:3   | Found a runed translucent gate.
 14914 | Lair:3   | Found a runed translucent gate.
 14915 | Lair:3   | Found a runed translucent gate.
 14915 | Lair:3   | Noticed a boulder beetle
 14923 | Lair:3   | Found a runed translucent gate.
 14923 | Lair:3   | Noticed a boulder beetle
 14925 | Lair:3   | Found the ring of Shadows {Umbra +Inv Stlth+}
 15637 | D:1      | Bought a scroll of enchant weapon for 105 gold pieces
 15639 | D:1      | Bought a scroll of identify for 28 gold pieces
 15639 | D:1      | Bought a scroll of identify for 28 gold pieces
 15639 | D:1      | Bought a scroll of identify for 28 gold pieces
 15639 | D:1      | Bought a scroll of identify for 28 gold pieces
 15975 | Lair:4   | Found a staircase to the Shoals.
 16076 | Lair:4   | Noticed a four-headed hydra
 16087 | Lair:4   | Killed a one-headed hydra
 16773 | Lair:4   | Noticed a seven-headed hydra
 16782 | Lair:4   | Killed a four-headed hydra
 16783 | Lair:4   | Reached skill level 8 in Fighting
 17054 | Lair:5   | Found a staircase to the Slime Pits.
 17376 | Lair:5   | Noticed a four-headed hydra
 17385 | Lair:5   | Reached XP level 14. HP: 52/105 MP: 14/14
 17396 | Lair:5   | Reached skill level 5 in Evocations
 18204 | Lair:5   | Found the amulet of the Air {Inacc Air Fly rElec RMsl}
 18495 | Lair:5   | Reached skill level 5 in Throwing
 19049 | Lair:6   | Entered Level 6 of the Lair of Beasts
 19397 | Lair:6   | Reached skill level 15 in Shields
 19402 | Lair:6   | Reached skill level 9 in Fighting
 19596 | Lair:6   | Reached skill level 10 in Armour
 19680 | Lair:6   | Identified the +10 fustibalus "Akhlate" {flame, rC+ Str+5}
 19936 | Lair:6   | Reached skill level 1 in Air Magic
 20320 | Lair:6   | Reached skill level 10 in Fighting
 20537 | Lair:6   | Found a large runed translucent door.
 20538 | Lair:6   | Found a large runed translucent door.
 21327 | Lair:6   | Reached skill level 11 in Fighting
 21350 | Lair:6   | Reached XP level 15. HP: 111/118 MP: 15/15
 21601 | D:10     | Killed Snorg
 21602 | D:10     | Reached XP level 16. HP: 119/125 MP: 16/16
 21665 | D:10     | Found Zaehotaenaf's Lightly-Used Armoury.
 22397 | D:11     | Reached skill level 12 in Fighting
 22495 | D:11     | Noticed Nergalle
 22513 | D:11     | Killed Nergalle
 23069 | D:11     | Noticed a frost giant
 23095 | D:11     | Killed a frost giant
 23097 | D:11     | Reached skill level 13 in Fighting
 23433 | D:12     | Noticed Lodul
 24180 | D:12     | Reached skill level 14 in Fighting
 24567 | D:12     | Killed Lodul
 25412 | D:13     | Reached skill level 10 in Throwing
 25554 | D:13     | Found a gate to the Vaults.
 25566 | D:13     | Reached skill level 1 in Poison Magic
 25601 | D:13     | Reached skill level 5 in Poison Magic
 25868 | D:14     | Noticed Azrael
 25929 | D:13     | Killed Azrael
 25993 | D:14     | Found a gate leading to a gauntlet.
 26009 | Gauntlet | Entered a Gauntlet
 26009 | Gauntlet | Found a transporter.
 26009 | Gauntlet | Found a transporter.
 26013 | Gauntlet | Found a transporter.
 26013 | Gauntlet | Found a transporter.
 26023 | Gauntlet | Found a transporter.
 26044 | Gauntlet | Found a transporter.
 26051 | Gauntlet | Found a transporter.
 26052 | Gauntlet | Found a transporter.
 26057 | Gauntlet | Found a transporter.
 26063 | Gauntlet | Found a transporter.
 26093 | Gauntlet | Found a transporter.
 26115 | Gauntlet | Found a transporter.
 26149 | Gauntlet | Found a transporter.
 26165 | Gauntlet | Found a transporter.
 26267 | Gauntlet | Found a transporter.
 26281 | Gauntlet | Found a transporter.
 26662 | Gauntlet | Reached XP level 17. HP: 140/140 MP: 17/17
 26918 | D:14     | Learned a level 4 spell: Olgreb's Toxic Radiance
 26976 | D:14     | Found a broken altar of Ashenzari.
 26987 | D:14     | Noticed Louise
 27005 | D:14     | Killed Louise
 27218 | D:14     | Reached skill level 10 in Poison Magic
 28394 | D:15     | Entered Level 15 of the Dungeon
 28504 | D:15     | Found Uplut's Weapon Shoppe.
 28514 | D:15     | Found a frozen archway.
 28766 | IceCv    | Entered an ice cave
 30903 | D:15     | Found a staircase to the Depths.
 31881 | D:15     | Reached XP level 18. HP: 129/146 MP: 18/18
 33459 | Orc:1    | Entered Level 1 of the Orcish Mines
 33460 | Orc:1    | Noticed Erolcha
 33470 | Orc:1    | Noticed Urug
 33472 | Orc:1    | Killed Erolcha
 33488 | Orc:1    | Killed Urug
 33980 | Orc:2    | Entered Level 2 of the Orcish Mines
 34027 | Orc:2    | Found a staircase to the Elven Halls.
 34083 | Orc:2    | Found Vurix's Book Shoppe.
 34084 | Orc:2    | Noticed Jorgrun
 34235 | Orc:1    | Noticed Sonja
 34246 | Orc:1    | Killed Sonja
 34693 | Orc:2    | Killed Jorgrun
 34966 | Orc:2    | Found Hurosic's General Store.
 34974 | Orc:2    | Bought a scroll of enchant armour for 105 gold pieces
 35304 | Orc:2    | Found Leze's Antique Weapon Shop.
 35331 | Orc:2    | Found Apoluska's Antique Armour Emporium.
 35689 | Spider:1 | Entered Level 1 of the Spider Nest
 36048 | Spider:1 | Reached skill level 15 in Throwing
 36441 | Spider:1 | Noticed Frances
 36459 | Spider:1 | You are sucked into a shaft and drop 1 floor!
 37391 | Spider:2 | Noticed Arachne
 37411 | Spider:2 | Killed Arachne
 39359 | Spider:3 | Got Putyq's Papyrus of Mutagenic Necromancy
 39622 | Spider:1 | Killed Frances
 40623 | Spider:3 | Reached XP level 19. HP: 105/153 MP: 8/19
 41251 | Spider:3 | Found a runed translucent door.
 41252 | Spider:3 | Noticed spaghetti's ghost (journeyman DsFE)
 41494 | Spider:3 | Killed spaghetti's ghost
 41624 | Spider:4 | Entered Level 4 of the Spider Nest
 42436 | Spider:4 | Reached skill level 10 in Evocations
 42749 | Spider:4 | Reached skill level 1 in Dodging
 44279 | Shoals:1 | Entered Level 1 of the Shoals
 44311 | Shoals:1 | Reached skill level 5 in Dodging
 45263 | Shoals:1 | You fall into a shaft and drop 1 floor!
 47601 | Shoals:2 | Noticed Ilsuiw
 48589 | Shoals:3 | Reached XP level 20. HP: 82/160 MP: 4/20
 49382 | Shoals:3 | Reached skill level 1 in Transmutations
 49882 | Shoals:3 | Learned a level 2 spell: Wereblood
 49912 | Shoals:4 | Entered Level 4 of the Shoals
 50030 | Shoals:4 | Reached skill level 1 in Spellcasting
 50775 | Shoals:4 | Reached skill level 5 in Transmutations
 51719 | Shoals:4 | Identified the +7 glaive of Celum {spect, *Noise Will+++
                  | Str+4}
 52661 | Shoals:4 | Got a barnacled rune of Zot
 54018 | Spider:4 | Got a gossamer rune of Zot
 54289 | Vaults:1 | Entered Level 1 of the Vaults
 54320 | D:13     | Reached skill level 5 in Spellcasting
 54401 | Vaults:1 | Found a flickering gateway to a bazaar.
 54423 | Bazaar   | Entered a bazaar
 54425 | Bazaar   | Found Sajyakabli's Distillery.
 54429 | Bazaar   | Found Xoimedou's Magic Scroll Boutique.
 54429 | Bazaar   | Found Siped's Book Boutique.
 54430 | Bazaar   | Found Orouwn's Assorted Antiques.
 54463 | Bazaar   | Bought a potion of might for 56 gold pieces
 54463 | Bazaar   | Bought a potion of curing for 42 gold pieces
 54463 | Bazaar   | Bought 2 potions of cancellation for 224 gold pieces
 54463 | Bazaar   | Bought a potion of curing for 42 gold pieces
 54463 | Bazaar   | Bought a potion of invisibility for 112 gold pieces
 55165 | D:13     | Bought the dreamshard necklace {*Dream Drain} for 2400 gold
                  | pieces
 55165 | D:13     | Found the dreamshard necklace {*Dream Drain}
 55234 | Vaults:1 | Identified the +2 pair of boots of Responsibility {rN+}
 55313 | Vaults:1 | Reached XP level 21. HP: 166/166 MP: 22/29
 56339 | Vaults:1 | Found a huge runed gate.
 56339 | Vaults:1 | Found a huge runed gate.
 56339 | Vaults:1 | Found a huge runed gate.
 56340 | Vaults:1 | Found a huge runed gate.
 56340 | Vaults:1 | Found a huge runed gate.
 56340 | Vaults:1 | Found a huge runed gate.
 56340 | Vaults:1 | Found a huge runed gate.
 56341 | Vaults:1 | Found a huge runed gate.
 56341 | Vaults:1 | Found a huge runed gate.
 56341 | Vaults:1 | Found a huge runed gate.
 56395 | Vaults:1 | Found a huge runed gate.
 56395 | Vaults:1 | Found a huge runed gate.
 56395 | Vaults:1 | Found a huge runed gate.
 56395 | Vaults:1 | Found a huge runed gate.
 56395 | Vaults:1 | Found a huge runed gate.
 56395 | Vaults:1 | Found a huge runed gate.
 56395 | Vaults:1 | Found a huge runed gate.
 56396 | Vaults:1 | Found a huge runed gate.
 56396 | Vaults:1 | Found a huge runed gate.
 56396 | Vaults:1 | Found a huge runed gate.
 56400 | Vaults:1 | Found a huge runed gate.
 56400 | Vaults:1 | Found a huge runed gate.
 56400 | Vaults:1 | Found a huge runed gate.
 56411 | Vaults:1 | Found a huge runed gate.
 56411 | Vaults:1 | Found a huge runed gate.
 56411 | Vaults:1 | Found a huge runed gate.
 56411 | Vaults:1 | Found a huge runed gate.
 56411 | Vaults:1 | Found a huge runed gate.
 56411 | Vaults:1 | Found a huge runed gate.
 56412 | Vaults:1 | Found a huge runed gate.
 56413 | Vaults:1 | Found a huge runed gate.
 56414 | Vaults:1 | Found a huge runed gate.
 56685 | Vaults:1 | Noticed Saint Roka
 56723 | Vaults:1 | Killed Saint Roka
 56724 | Vaults:1 | Reached skill level 10 in Transmutations
 57233 | Vaults:1 | Found a huge runed gate.
 57234 | Vaults:1 | Found a huge runed gate.
 57235 | Vaults:1 | Found a huge runed gate.
 57236 | Vaults:1 | Found a huge runed gate.
 57640 | Vaults:2 | Noticed Mara
 57939 | Vaults:2 | Noticed Asterion
 57941 | Vaults:2 | Noticed iguanaiguana's illusion
 58183 | Vaults:2 | Noticed Sojobo
 58183 | Vaults:2 | Noticed iguanaiguana's illusion
 58344 | Vaults:2 | Killed Asterion
 58641 | Vaults:2 | You fall into a shaft and drop 1 floor!
 58868 | Vaults:3 | Reached skill level 15 in Fighting
 58883 | Vaults:3 | Reached skill level 15 in Armour
 59404 | Vaults:2 | Reached skill level 1 in Stealth
 59656 | Vaults:3 | Reached skill level 5 in Stealth
 59657 | Vaults:3 | Noticed Margery
 59875 | Depths:1 | Entered Level 1 of the Depths
 60363 | Depths:1 | Gained mutation: Armour fits poorly on your strangely
                  | shaped body. [a shining eye]
 60518 | Depths:1 | Found a gateway to Hell.
 60550 | Depths:1 | Gained mutation: You are frail. (-10% HP) [a shining eye]
 60600 | Depths:1 | Noticed a juggernaut
 60608 | Depths:1 | Killed a juggernaut
 60609 | Depths:1 | Reached XP level 22. HP: 157/157 MP: 23/31
 61278 | Depths:1 | Got the Tome of Gravity
 62020 | Depths:1 | Found a white marble altar of Elyvilon.
 62467 | Depths:1 | Upgraded the game from 0.29-a0-334-gb41bcbb86e to
                  | 0.29-a0-338-g1ff7896281
 62558 | Depths:2 | Noticed Bai Suzhen
 62571 | Depths:2 | Killed Bai Suzhen
 63410 | Depths:2 | Found a transporter.
 63462 | Depths:2 | Found a viscous altar of Jiyva.
 63464 | Depths:2 | Found a transporter.
 63504 | Depths:2 | Reached skill level 16 in Fighting
 63762 | Depths:2 | Found a one-way gate leading to the halls of Pandemonium.
 63934 | Depths:2 | Found a blossoming altar of Fedhas.
 65294 | Depths:3 | Reached XP level 23. HP: 159/165 MP: 32/32
 65597 | Depths:3 | Found a one-way gate to the infinite horrors of the Abyss.
 65665 | Depths:3 | Got the Disquisition on Summoning and Air
 65712 | Depths:3 | Lost mutation: You are frail. (-10% HP) [potion of
                  | mutation]
 65712 | Depths:3 | Lost mutation: Armour fits poorly on your strangely shaped
                  | body. [potion of mutation]
 65712 | Depths:3 | Gained mutation: You have a beak for a mouth. [potion of
                  | mutation]
 65712 | Depths:3 | Gained mutation: Your spells are a little harder to cast,
                  | but a little more powerful. [potion of mutation]
 65985 | Depths:3 | Found an ornate altar of the Wu Jian Council.
 66426 | Depths:3 | Found a runed door.
 66482 | Depths:4 | Entered Level 4 of the Depths
 66616 | Depths:3 | You fall into a shaft and drop 1 floor!
 67567 | Depths:3 | Found a one-way gate to the infinite horrors of the Abyss.
 67682 | Depths:3 | Found an ornate altar of the Wu Jian Council.
 68622 | Depths:4 | Noticed a juggernaut
 69844 | Depths:4 | Noticed a juggernaut
 69859 | Depths:4 | Killed a juggernaut
 69887 | Depths:4 | Noticed a caustic shrike
 69896 | Depths:4 | Killed a caustic shrike
 69897 | Depths:4 | Reached skill level 15 in Evocations
 70289 | Depths:4 | Noticed a juggernaut
 70295 | Depths:4 | Killed a juggernaut
 70308 | Depths:4 | Killed a juggernaut
 70309 | Depths:4 | Reached skill level 17 in Fighting
 71363 | Depths:4 | Noticed a golden dragon
 71640 | Depths:4 | Killed a golden dragon
 71803 | Depths:4 | Found a gate to the Realm of Zot.
 71859 | Depths:4 | Found a one-way gateway to a ziggurat.
 72250 | Depths:4 | Got the Guide on Fascination
 72351 | Depths:4 | Upgraded the game from 0.29-a0-338-g1ff7896281 to
                  | 0.29-a0-340-g6efceafd81
 72590 | Elf:1    | Entered Level 1 of the Elven Halls
 72683 | Elf:1    | Reached XP level 24. HP: 188/195 MP: 32/32
 72880 | Elf:1    | Found a magical portal.
 72887 | WizLab   | Entered Zonguldrok's Shrine
 73315 | WizLab   | Noticed an antique lich
 73340 | WizLab   | Killed an antique lich
 73372 | WizLab   | Found the +9 sword of Zonguldrok {reap}
 73592 | Elf:1    | Noticed Zenata
 73604 | Elf:1    | You are sucked into a shaft and drop 1 floor!
 73968 | Elf:2    | Found a runed translucent gate.
 74054 | Elf:2    | Found a runed translucent gate.
 74057 | Elf:2    | Found a runed translucent gate.
 74900 | Elf:2    | Found Vusept's Antique Weapon Boutique.
 74902 | Elf:2    | Found Xeaf's Jewellery Shop.
 74905 | Elf:2    | Found Loafuch's General Store.
 74998 | Elf:2    | Found Niasoury's Antique Armour Boutique.
 75141 | Elf:2    | Found a runed translucent door.
 75879 | Elf:2    | Identified the ring of Donulet {Wiz Str+3}
 75993 | Elf:3    | Entered Level 3 of the Elven Halls
 77201 | Elf:3    | Noticed Aizul
 77210 | Elf:3    | Killed Aizul
 77836 | Elf:3    | Reached skill level 18 in Fighting
 78584 | Elf:3    | Learned a level 5 spell: Alistair's Intoxication
 78591 | Elf:3    | Learned a level 6 spell: Eringya's Noxious Bog
 78595 | Elf:3    | Found Galetekhi's General Store.
 78603 | Elf:3    | Bought a scroll of enchant weapon for 142 gold pieces
 78915 | Elf:3    | Reached XP level 25. HP: 127/204 MP: 31/32
 79889 | Elf:3    | Got the Reference Book on the Escort
 79902 | Elf:3    | Got Sota's Almanac of Black Magic
 80006 | Elf:3    | Got the Volume of Unholy Arts
 80012 | Elf:3    | Got the Grimoire of Ice
 80096 | Elf:1    | Reached skill level 1 in Maces & Flails
 80402 | Elf:1    | Killed Zenata
 80819 | Elf:1    | Found Xediq's Antique Weapon Emporium.
 81198 | Elf:1    | Noticed Roxanne
 81426 | Elf:1    | Reached skill level 5 in Maces & Flails
 81902 | Vaults:1 | You are sucked into a shaft and drop 1 floor!
 82358 | Vaults:2 | Found a staircase to the Crypt.
 82474 | Vaults:2 | Killed Sojobo
 82625 | Vaults:2 | Reached XP level 26. HP: 211/211 MP: 32/32
 82668 | Vaults:2 | You are sucked into a shaft and drop 2 floors!
 82812 | Vaults:4 | Found a crumbling gateway.
 82879 | Desolati | Entered the Desolation of Salt
 82898 | Desolati | Reached skill level 10 in Maces & Flails
 83466 | Desolati | Identified the +10 bardiche of Ornamental Absolution
                  | {freeze, rElec Dex+4 SInv Stlth+}
 83466 | Desolati | Identified the ring of Propriety {rPois rF+}
 83554 | Desolati | Found the +8 lance "Wyrmbane" {slay drac, rPois rF+ rC+
                  | AC+3}
 83570 | Desolati | Identified the ring of Yhene {rPois rC+ Slay+2 Stlth+}
 83578 | Desolati | Reached skill level 1 in Polearms
 83727 | Desolati | Identified the +5 leather armour of Indomitability {Str+6}
 83800 | Desolati | Identified the ring "Zuokimet" {Str+2 Int+3 Slay+4}
 84308 | Vaults:4 | Found Gewerupyvi's Distillery.
 84357 | Vaults:4 | Bought a potion of heal wounds for 95 gold pieces
 84564 | Vaults:4 | Found a huge runed gate.
 84564 | Vaults:4 | Found a huge runed gate.
 84564 | Vaults:4 | Found a huge runed gate.
 84565 | Vaults:4 | Found a huge runed gate.
 84565 | Vaults:4 | Found a huge runed gate.
 84565 | Vaults:4 | Found a huge runed gate.
 84566 | Vaults:4 | Found a huge runed gate.
 84566 | Vaults:4 | Found a huge runed gate.
 84566 | Vaults:4 | Found a huge runed gate.
 84566 | Vaults:4 | Found a huge runed gate.
 84570 | Vaults:4 | Found a huge runed gate.
 84570 | Vaults:4 | Found a huge runed gate.
 84570 | Vaults:4 | Found a huge runed gate.
 84570 | Vaults:4 | Found a huge runed gate.
 84570 | Vaults:4 | Found a huge runed gate.
 84570 | Vaults:4 | Found a huge runed gate.
 84571 | Vaults:4 | Found a huge runed gate.
 84572 | Vaults:4 | Found a huge runed gate.
 84573 | Vaults:4 | Found a huge runed gate.
 84592 | Vaults:4 | Reached skill level 5 in Polearms
 84798 | Vaults:4 | Found a huge runed gate.
 84798 | Vaults:4 | Found a huge runed gate.
 84798 | Vaults:4 | Found a huge runed gate.
 84798 | Vaults:4 | Found a huge runed gate.
 84798 | Vaults:4 | Found a huge runed gate.
 84799 | Vaults:4 | Found a huge runed gate.
 84800 | Vaults:4 | Found a huge runed gate.
 84801 | Vaults:4 | Found a huge runed gate.
 84802 | Vaults:4 | Found a huge runed gate.
 84810 | Vaults:4 | Found a huge runed gate.
 84810 | Vaults:4 | Found a huge runed gate.
 84810 | Vaults:4 | Found a huge runed gate.
 84810 | Vaults:4 | Found a huge runed gate.
 84810 | Vaults:4 | Found a huge runed gate.
 84810 | Vaults:4 | Found a huge runed gate.
 84811 | Vaults:4 | Found a huge runed gate.
 84812 | Vaults:4 | Found a huge runed gate.
 85003 | Vaults:4 | Reached XP level 27. HP: 218/218 MP: 29/32
 85859 | Vaults:3 | Killed Margery
 86193 | Vaults:3 | Reached skill level 10 in Polearms
 86656 | Vaults:3 | Identified the +0 hat of Lutuotone {Dex+8}
 87115 | Vaults:2 | Killed Mara
 87470 | Vaults:1 | Noticed AlmostDecent's ghost (adept VSBe)
 87470 | Vaults:1 | Noticed Galytir's ghost (adept HOFi)
 87470 | Vaults:1 | Noticed Budghuxen's ghost (veteran HOFi)
 87470 | Vaults:1 | Noticed Itsuak's ghost (adept SpBe)
 87470 | Vaults:1 | Noticed Wueresid's ghost (adept DEWz)
 87470 | Vaults:1 | Noticed Nekhlo's ghost (adept MyWr)
 87476 | Vaults:1 | Noticed Bailed's ghost (veteran MiMo)
 87486 | Vaults:1 | Killed AlmostDecent's ghost
 87514 | Vaults:2 | Killed Galytir's ghost
 87674 | Vaults:2 | Killed Itsuak's ghost
 88184 | Vaults:1 | Killed Bailed's ghost
 88210 | Vaults:1 | Identified the +12 arbalest of Slow Death {speed, rPois
                  | Int+2}
 88237 | Vaults:1 | Identified the +2 pair of gloves "Huntoi" {Drain rN+
                  | Will+++ Str+3}
 88643 | Vaults:5 | Entered Level 5 of the Vaults
 88643 | Vaults:5 | Noticed an ancient lich
 89295 | Vaults:5 | Killed an ancient lich
 91011 | Vaults:5 | Got a silver rune of Zot
 91995 | Vaults:5 | Noticed a dread lich
 92021 | Vaults:5 | Killed a dread lich
 92138 | Vaults:5 | Identified the +2 pair of gloves of Pride {Harm *Slow rF++}
 92567 | Zot:1    | Entered Level 1 of the Realm of Zot
 92681 | Zot:1    | Found the +4 dragonskin cloak
 92681 | Zot:1    | Noticed Tiamat
 92711 | Zot:1    | Killed Tiamat
 92712 | Zot:1    | Reached skill level 15 in Transmutations
 94404 | Crypt:1  | Entered Level 1 of the Crypt
 95301 | Crypt:1  | Reached skill level 15 in Polearms
 96084 | Crypt:2  | Found a runed translucent gate.
 96085 | Crypt:2  | Found a runed translucent gate.
 96127 | Crypt:2  | Found a huge runed translucent gate.
 96127 | Crypt:2  | Found a huge runed translucent gate.
 96127 | Crypt:2  | Found a huge runed translucent gate.
 96128 | Crypt:2  | Found a huge runed translucent gate.
 96128 | Crypt:2  | Found a huge runed translucent gate.
 96128 | Crypt:2  | Found a huge runed translucent gate.
 96129 | Crypt:2  | Found a huge runed translucent gate.
 96129 | Crypt:2  | Found a huge runed translucent gate.
 96129 | Crypt:2  | Found a huge runed translucent gate.
 96271 | Crypt:2  | Found a runed translucent gate.
 96271 | Crypt:2  | Noticed Hali's ghost (veteran FoFi)
 96582 | Crypt:2  | Killed Hali's ghost
 96677 | Crypt:3  | Entered Level 3 of the Crypt
 97718 | Crypt:3  | Found an ancient bone altar of Kikubaaqudgha.
 97718 | Crypt:3  | Noticed a dread lich
 97728 | Crypt:3  | Killed a dread lich
 98002 | Crypt:3  | Found the +7 great mace "Undeadhunter" {disrupt, rN+}
 98225 | Crypt:3  | Found a staircase to the Tomb.
 98789 | Slime:1  | Entered Level 1 of the Pits of Slime
 99426 | Zot:2    | Reached skill level 19 in Fighting
 99654 | Zot:2    | Identified a scroll of acquirement
 99695 | Zot:2    | Acquired 1141 gold pieces
100764 | Zot:2    | Reached skill level 20 in Fighting
101383 | Slime:1  | Gained mutation: You are clumsy. (Dex -2) [a shining eye]
102953 | Slime:5  | Entered Level 5 of the Pits of Slime
102967 | Slime:5  | Reached skill level 21 in Fighting
103128 | Slime:5  | Noticed the Royal Jelly
103150 | Slime:5  | Killed the Royal Jelly
103167 | Slime:5  | HP: 11/343 [acid blob[the Royal Jelly] (23)]
103167 | Slime:5  | Mangled by a rockslime

Illustrated notes

Levels and vault maps discovered:
D:1:      minmay_arrival_five_plusses, layout_basic,
          dilly_ecumenical_altar_fadedgnrine, serial_shops, shop, shop,
          st_stairs_12
D:2:      layout_basic, basic_altar, uniq_terence, uniq_jessica
D:3:      layout_basic, mainiacjoe_overflow_big_doors,
          chequers_serial_rivers_small_3, minivault_25, feat_on_display
D:4:      layout_basic, mainiacjoe_overflow_chevrons, minmay_temple_entry_mist,
          abandoned_shop, minmay_checkerbox, uniq_ijyb
D:5:      layout_cave_pools, nicolae_ossuary_entry_monument,
          doesnt_shop_hydraphobe
D:6:      layout_cave_pods, marbit_many_paths, corner_web_ring,
          kennysheep_minor_cross, nicolae_water_bricks,
          kennysheep_generic_room_5, uniq_blork_the_orc
D:7:      layout_basic
D:8:      layout_loops_corners, trog_three_pillars_becter, uniq_maurice
D:9:      layout_irregular_city, nemelex_altar_shiori, demons_altar,
          grunt_lair_entry_orc_guard_hut
D:10:     layout_roguey, david_orc_3, minmay_shop_damaged, uniq_snorg
D:11:     layout_small_grid, wad_scary_box, uniq_nergalle
D:12:     layout_loops_ring, special_room [special_room_orc], uniq_lodul
D:13:     layout_long_grid, erik_vaults_2
D:14:     layout_roguey, gauntlet_entry_generic, nicolae_ashenzari_panopticon,
          uniq_louise, uniq_azrael
D:15:     gammafunk_depths_entry_grave, layout_cave_pods, serial_shops, shop,
          serial_ice, serial_ice_i, serial_ice_f, serial_ice_h, serial_ice_d,
          serial_ice_g, serial_ice_n, portal_ice_cave_entry_ice_statue_two,
          minmay_misc_feat_roman, glass_columns_b
Lair:1:   layout_long_grid, serial_forest, infiniplex_forest_clump_long,
          infiniplex_forest_lined_2, infiniplex_forest_clump_cross,
          infiniplex_forest_corner_1, infiniplex_forest_lined_ring,
          infiniplex_forest_lined_2, dreamdust_gnoll_shepherd,
          infiniplex_staircase_pool_2
Lair:2:   layout_misc_corridors, spider_nest_entry_rubble, uniq_erica,
          uniq_fannar
Lair:3:   gammafunk_indiana_jones, layout_regular_city,
          grunt_forest_large_clearings, grunt_megastairs_2, uniq_amaemon
Lair:4:   layout_cave_pods, elwin_shoals_entry_stream
Lair:5:   dragon1_lemuel, layout_hall_layers, nicolae_slime_entry_slimehenge
Lair:6:   cheibrodos_lair_end_hotspot, layout_small_grid, lemuel_fruit_fields
Shoals:1: layout_shoals, nicolae_shoals_lost_giant_hut, hangedman_shoal_volcano
Shoals:2: layout_shoals, uniq_ilsuiw
Shoals:3: layout_shoals
Shoals:4: shoals_end_grunt_ice, layout_shoals, shoals_ilsuiw_ice
Spider:1: layout_spider_delve, uniq_frances
Spider:2: layout_chambers, nicolae_spider_claw_tunnel, uniq_arachne
Spider:3: layout_spider_delve, ebering_ghost_reflecting_pool,
          nicolae_spider_twisty_arc_passages, nicolae_spider_cling_halls
Spider:4: spider_rune_water
Slime:1:  layout_caves
Slime:2:  layout_caves
Slime:3:  layout_caves
Slime:4:  cheibrodos_slime_lost_civilization_2, layout_caves, basic_altar
Slime:5
Orc:1:    layout_caves, roderic_batcave, uniq_erolcha, uniq_sonja, uniq_urug
Orc:2:    grunt_orc_gardens, layout_caves, grunt_orc_garden, grunt_orc_garden,
          grunt_orc_garden, grunt_orc_garden, basic_altar, uniq_jorgrun
Elf:1:    layout_onion_city, mu_enter_wizlab_7, serial_shops, shop,
          minivault_28, palyth_stone_intersect, nicolae_elf_big_sculpture_3,
          minmay_strange_pillars, amcnicky_mini_rare_corridor_liquid,
          uniq_zenata, uniq_roxanne
Elf:2:    nicolae_elf_blades_splatter_lattice
          [nicolae_vaults_blade_armed_guards], layout_rooms, serial_shops,
          nicolae_shop_advertising_works [nicolae_subvault_shop_adworks],
          minivault_13, minmay_shop_star
Elf:3:    minmay_elf_hall_quartered_circle, layout_gridlike, serial_shops,
          nicolae_diamond_shop, minivault_11, drop_trap, uniq_aizul
Vaults:1: gammafunk_ghost_door_vault, grunt_vaults_trifunnel,
          ontoclasm_vaults_decontamination, nicolae_vaults_bisected_slash,
          vaults_room_grid, vaults_dpeg_ring, vaults_standard_mumra_x,
          ontoclasm_vaults_chip, layout_vaults_omnigrid, serial_shops,
          bzr_in_the_mist, uniq_saint_roka
Vaults:2: v_misc_5, nicolae_vaults_yaktaur_gun_rack, vaults_room_grid,
          v_misc_33, vaults_mumra_lcd, vaults_mumra_minichess,
          dpeg_vaults_monster_box, hangedman_vaults_locks,
          ontoclasm_vaults_fault, nicolae_vaults_little_squares_6,
          grunt_vaults_hallway_short, vaults_room_fancy_cross,
          layout_vaults_big_room, uniq_asterion, uniq_sojobo, uniq_mara
Vaults:3: hangedman_vaults_stretched_pinwheel, v_rooms_4,
          nicolae_vaults_three_branches, vaults_room_pool, v_pattern_3,
          grunt_vaults_hallway_long, hangedman_vaults_slice, v_alt_pattern_2,
          nicolae_vaults_angled_halls, grunt_vaults_focal, v_misc_25, v_misc_9,
          nicolae_vaults_asterisk, layout_vaults_maze, uniq_margery
Vaults:4: portal_desolation_entry_nicolae_slug, not_door_vault_due,
          ontoclasm_vaults_idyll, v_rooms_1, nicolae_vaults_ring_of_whatevers,
          vaults_room_corners, nicolae_vaults_hallways_thing,
          nicolae_vaults_little_squares_1, v_pattern_1, v_misc_17,
          v_alt_pattern_2, nicolae_vaults_theta, ontoclasm_vaults_gateway,
          layout_vaults_ring, serial_shops, nicolae_square_shop
Vaults:5: serial_shops
Crypt:1:  layout_misc_corridors, grunt_crypt_arrival_webbed
Crypt:2:  cheibrodos_crypt_3hun_7po, layout_rooms, gammafunk_ghost_spectres
Crypt:3:  cryptofortress_bobbens
Depths:1: layout_roguey [special_room_magic_class], elyvilon_altar_4,
          nicolae_hell_entry_hellmouth_sunbeams, minmay_misc_feat_columns,
          minivault_10, serial_sigils_hangedman_confine,
          kennysheep_generic_room_16
Depths:2: gammafunk_jiyva_shrine, layout_basic, pf_hell_entry_great_geh,
          fedhas_altar_2, pan_entry, minmay_strange_pillars,
          nicolae_concentric_dashed_squares_mild, serial_sigils_hangedman_stare,
          st_stairs_11, infiniplex_staircase_spiral, uniq_bai_suzhen
Depths:3: evilmike_wizard_prison, layout_cave_pools, hell_entry,
          rand_demon_pan_entry_5, nicolae_abyss_entry_one_way_or_another,
          hangedman_decor_diamond_cutter, pdpol_wu_jian_five_deadly_venoms,
          infiniplex_staircase_pillars_3b
Depths:4: grunt_zot_entry_alcove, layout_long_grid, enter_ziggurat_a,
          hell_entry, hangedman_abyss_entry_splay,
          hangedman_abyss_or_decor_clamps, minmay_multi_spiral
Zot:1:    layout_basic, hangedman_zot_decor_tridents, grunt_megastairs_3,
          uniq_tiamat
Zot:2:    layout_gridlike, st_small_dragon_hoard_5, grunt_megastairs_5

Skill      XL: |  1  2  3  4  5  6  7  8  9 10 11 12 13 14 15 16 17 18 19 20 21 22 23 24 25 26 27 |
---------------+----------------------------------------------------------------------------------+-----
Staves         | 4 5 6 7 9 11 13 15 | 15.4
Shields        | 4 5 6 8 10 11 13 14 15 16 17 18 | 18.7
Armour         | 4 5 6 7 9 10 11 13 15 16 17 18 | 18.1
Fighting       | 4 5 6 8 11 14 15 16 17 18 21 | 21.6
Evocations     | 4 6 8 10 13 15 17 18 20 | 20.0
Throwing       | 4 9 10 13 16 | 16.0
Air Magic      | 1 |  1.4
Poison Magic   | 8 13 14 | 14.0
Dodging        | 8 |  8.0
Transmutations | 8 10 15 | 15.0
Spellcasting   | 5 6 |  6.0
Stealth        | 8 |  8.0
Maces & Flails | 8 11 | 11.6
Polearms       | 6 17 | 17.7

Action                   |  1- 3 |  4- 6 |  7- 9 | 10-12 | 13-15 | 16-18 | 19-21 | 22-24 | 25-27 || total
-------------------------+-------+-------+-------+-------+-------+-------+-------+-------+-------++-------
Melee: Quarterstaff      |   106 |    44 |   116 |       |       |       |       |       |       ||   266
       Lajatang          |       |       |   129 |   597 |   774 |  1742 |  1459 |  1413 |   800 ||  6914
       Peck              |       |       |       |       |       |       |       |   168 |   645 ||   813
       Great mace        |       |       |       |       |       |       |       |       |    33 ||    33
       Lance             |       |       |       |       |       |       |       |       |  2180 ||  2180
 Fire: Hunting sling     |       |    88 |     8 |    54 |       |       |       |       |       ||   150
Throw: Dart              |       |       |       |     1 |     8 |    25 |     1 |     3 |       ||    38
       Javelin           |       |       |       |       |     1 |    11 |    43 |   104 |    53 ||   212
       Boomerang         |       |       |       |       |       |    16 |    21 |   452 |   109 ||   598
       Throwing net      |       |       |       |       |       |     1 |       |     1 |     1 ||     3
 Cast: Olgreb's Toxic Ra |       |       |       |       |       |   118 |   211 |    22 |    57 ||   408
       Wereblood         |       |       |       |       |       |       |    40 |    16 |    86 ||   142
       Alistair's Intoxi |       |       |       |       |       |       |       |       |     9 ||     9
Invok: Potion Petition   |       |       |       |       |       |     8 |    10 |     8 |     4 ||    30
       Call Merchant     |       |       |       |       |       |       |     1 |       |       ||     1
       Bribe Branch      |       |       |       |       |       |       |       |       |     1 ||     1
 Abil: Dig               |       |       |     1 |     3 |     6 |     7 |     4 |    12 |       ||    33
       Shaft Self        |       |       |       |       |       |     1 |     1 |     2 |     2 ||     6
Evoke: Wand              |       |     3 |       |       |     2 |    15 |    23 |    16 |     9 ||    68
       Phantom mirror    |       |       |       |       |     1 |     5 |     2 |     2 |     3 ||    13
       Tin of tremorston |       |       |       |       |     2 |     4 |     7 |     9 |     4 ||    26
       Condenser vane    |       |       |       |       |       |     4 |     5 |     6 |     4 ||    19
       Box of beasts     |       |       |       |       |       |     3 |     1 |     1 |     1 ||     6
       Lightning rod     |       |       |       |       |       |     5 |     3 |     4 |       ||    12
       Phial of floods   |       |       |       |       |       |     1 |       |     1 |     2 ||     4
  Use: Scroll            |     6 |     2 |     3 |     8 |    12 |    11 |    15 |    11 |    13 ||    81
       Potion            |       |     2 |       |     3 |     1 |     4 |    20 |    18 |     6 ||    54
 Stab: Distracted        |       |       |       |     5 |     7 |     9 |    10 |     7 |    29 ||    67
       Invisible         |       |       |       |       |       |       |     9 |       |       ||     9
       Sleeping          |       |       |       |       |       |       |       |       |    11 ||    11
       Confused          |       |       |       |       |       |       |       |       |     3 ||     3
Armor: Scale mail        |    36 |    30 |       |       |       |       |       |       |       ||    66
       Plate armour      |       |     8 |   124 |    19 |       |       |       |       |       ||   151
       Chain mail        |       |       |       |   195 |       |       |       |       |       ||   195
       Pearl dragon scal |       |       |       |     9 |   212 |   850 |   886 |   653 |  1015 ||  3625
       Skin              |       |       |       |       |       |       |       |       |    71 ||    71
Dodge: Dodged            |    56 |    24 |    48 |   112 |   148 |   441 |   627 |   404 |   749 ||  2609
       Repelled          |       |       |       |       |     5 |    14 |     6 |    26 |    33 ||    84
Block: Buckler           |    24 |    11 |    35 |     3 |       |       |       |       |       ||    73
       Kite shield       |       |       |       |   290 |   348 |  1076 |  1121 |   803 |  1433 ||  5071

Table legend: (Time is in decaauts)
 A = Elapsed time spent in this place.
 B = Non-inter-level travel time spent in this place.
 C = Inter-level travel time spent in this place.
 D = Time resting spent in this place.
 E = Time spent auto-exploring this place.
 F = Levels seen in this place.
 G = Mean time per level.
                   A        B        C        D        E       F      G
               +--------+--------+--------+--------+--------+-----+--------+
         Total | 100809 |  88785 |  12024 |  22955 |  45129 |  59 | 1708.6 |
       Dungeon |  22442 |  17709 |   4733 |   3399 |  10595 |  15 | 1496.1 |
          Lair |  10664 |   9243 |   1421 |   1939 |   5328 |   6 | 1777.3 |
        Shoals |   8120 |   7361 |    759 |   2070 |   3761 |   4 | 2030.0 |
   Spider Nest |   9066 |   8006 |   1060 |   2747 |   3676 |   4 | 2266.5 |
    Slime Pits |   1670 |   1581 |     89 |    209 |   1032 |   5 |  334.0 |
  Orcish Mines |   2212 |   2014 |    198 |    116 |   1473 |   2 | 1106.0 |
   Elven Halls |   8218 |   7774 |    444 |   2373 |   3546 |   3 | 2739.3 |
        Vaults |  13643 |  11994 |   1649 |   3152 |   5821 |   5 | 2728.6 |
         Crypt |   3781 |   3544 |    237 |    299 |   2430 |   3 | 1260.3 |
        Depths |  12704 |  11496 |   1208 |   5111 |   4013 |   4 | 3176.0 |
           Zot |   3191 |   2971 |    220 |      5 |   2495 |   2 | 1595.5 |
        Bazaar |     52 |     52 |      0 |      0 |     27 |   1 |   52.0 |
       Ossuary |    597 |    597 |      0 |    240 |     30 |   1 |  597.0 |
      Ice Cave |   1876 |   1876 |      0 |    983 |    194 |   1 | 1876.0 |
        Wizlab |    607 |    607 |      0 |      0 |    119 |   1 |  607.0 |
    Desolation |   1170 |   1170 |      0 |    165 |    269 |   1 | 1170.0 |
      Gauntlet |    788 |    788 |      0 |    147 |    319 |   1 |  788.0 |
               +--------+--------+--------+--------+--------+-----+--------+

Top non-repeatable levels by time:
Depths:3: 4075 daAuts
Depths:4: 4069 daAuts
   Elf:2: 3726 daAuts
Vaults:1: 3690 daAuts
Spider:2: 3055 daAuts
   Elf:3: 2781 daAuts
Vaults:4: 2776 daAuts
Depths:1: 2743 daAuts
Spider:4: 2709 daAuts
Shoals:3: 2665 daAuts
    D:14: 2638 daAuts
Vaults:5: 2490 daAuts
Vaults:2: 2453 daAuts
    D:15: 2408 daAuts
  Lair:3: 2389 daAuts
